 Dungeon Crawl Stone Soup version 0.31.0-9-g3a7656b989 (webtiles) character file.

Game seed: 17840274286726615965

3237 stipulation the Brawler (level 9, -11/70 HPs)
             Began as a Ghoul Monk on Jan 25, 2024.
             Mangled by Grum
             ... wielding a +1 antimagic glaive
              (15 damage)
             ... on level 8 of the Dungeon.
             The game lasted 00:04:23 (6901 turns).

stipulation the Brawler (Ghoul Monk)                Turns: 6901, Time: 00:04:23

Health: -11/70     AC: 11    Str: 19    XL:     9   Next: 98%
Magic:  3/9        EV:  8    Int:  9    God:
Gold:   350        SH:  0    Dex: 11    Spells: 8/8 levels left

rFire   . .          .
                       - Unarmed
rCold   + . .        c - orb {light}
rNeg    + + +        n - +0 chain mail
rPois   ∞            i - +0 helmet
rElec   .            B - +1 cloak
rCorr   .            (no gloves)
SInv    .            (no boots)
Will    +....        (no amulet) Stlth
                     p - ring of willpower
HPRegen 0.00/turn    (no ring)
MPRegen 0.11/turn

%: no passive effects
@: inhibited regen, glowing, studying Summonings
A: claws 1, cold resistance 1, negative energy resistance 3, inhibited
regeneration, torment resistance 2, devour on kill
a: no special abilities


You were on level 8 of the Dungeon.
You visited 2 branches of the dungeon, and saw 9 of its levels.
You also visited: Ossuary.

You collected 754 gold pieces.
You spent 404 gold pieces at shops.

Inventory:

Armour
 c - an orb of light (worn)
 i - a +0 helmet (worn)
 n - a +0 chain mail (worn)
 B - a +1 cloak (worn)
Jewellery
 g - a ring of ice
 p - a ring of willpower (left claw)
 t - an amulet of faith
Wands
 b - a wand of flame (9)
 k - a wand of paralysis (15)
Scrolls
 d - 5 scrolls of fear
 e - 14 scrolls of identify
 f - 4 scrolls of poison {unknown}
 h - 10 scrolls of teleportation {unknown}
 m - 2 scrolls of noise {unknown}
 o - a scroll of immolation {unknown}
 r - a scroll of brand weapon {unknown}
 s - 4 scrolls of blinking {unknown}
 v - 2 scrolls of vulnerability {unknown}
 x - a scroll of butterflies {unknown}
 y - 2 scrolls of torment
 A - a scroll of enchant armour {unknown}
Potions
 a - a potion of brilliance {unknown}
 j - a potion of lignification {unknown}
 l - 4 potions of curing {unknown}
 q - a potion of resistance {unknown}
 u - 3 potions of haste {unknown}
 w - 3 potions of degeneration {unknown}
 z - 3 potions of mutation {unknown}
 C - 2 potions of enlightenment {unknown}
 D - a potion of heal wounds {unknown}
 E - a potion of attraction {unknown}


   Skills:
 - Level 3.2 Fighting
 - Level 2.6 Dodging
 + Level 15.0 Unarmed Combat


You had 8 spell levels left.
You didn't know any spells.
Your spell library contained the following spells:

 Spells                   Type           Power      Damage    Failure   Level
 Apportation              Tloc           0%         N/A       99%         1
 Jinxbite                 Hex            0%         N/A       99%         2
 Animate Dead             Necr           0%         N/A       100%        4
 Alistair's Intoxication  Alch           0%         N/A       100%        5
 Haunt                    Necr/Summ      0%         N/A       100%        7
 Infestation              Necr           0%         N/A       100%        8


Dungeon Overview and Level Annotations

Branches:
Dungeon (8/15)             Temple (1/1) D:6         Ossuary (visited)
   Lair: D:8-11

Altars:
Ashenzari
Dithmenos
Fedhas
Gozag
Hepliaklqana
Kikubaaqudgha
Makhleb
Nemelex Xobeh
Okawaru
Qazlal
Ru
Sif Muna
Trog
Uskayaw
Vehumet
Xom
Yredelemnul

Shops:
D:6 ?=[   D:7 (

Annotations:
D:8 Grum


Innate Abilities, Weirdness & Mutations

You are immune to poison.
You have sharp fingernails.
Your flesh is cold resistant. (rC+)
You are immune to negative energy. (rN+++)
You do not regenerate when monsters are visible.
You are immune to unholy pain and torment.
You thrive by killing the living.


Message History

The wolf bites you.
You closely miss the wolf. The wolf barely misses you.
The wolf bites you but does no damage. x2
You scratch the wolf.
The wolf is lightly wounded.
The wolf completely misses you. The wolf bites you but does no damage.
The wolf closely misses you.
You completely miss the wolf.
The wolf is lightly wounded.
The wolf bites you! The wolf completely misses you.
You scratch the wolf.
The wolf is moderately wounded.
The wolf bites you! The wolf bites you.
* * * LOW HITPOINT WARNING * * *
You scratch the wolf but do no damage.
The wolf is moderately wounded.
The wolf bites you.
* * * LOW HITPOINT WARNING * * *
The wolf bites you.
* * * LOW HITPOINT WARNING * * *
The wolf barely misses you. The wolf bites you but does no damage.
You claw the wolf!
You kill the wolf!
You feel better. The wolf bites you.
* * * LOW HITPOINT WARNING * * *
Your Unarmed Combat skill increases to level 15!
The wolf barely misses you.
Grum hits you from afar with a +1 antimagic glaive!
* * * LOW HITPOINT WARNING * * *
You feel your power leaking away.
You see here a wolf corpse.
The wolf bites you but does no damage. The wolf attacks as it pursues you!
The wolf completely misses you. Grum attacks as he pursues you!
Grum barely misses you. The wolf bites you.
* * * LOW HITPOINT WARNING * * *
The wolf attacks as it pursues you! The wolf closely misses you.
The wolf barely misses you. Grum attacks as he pursues you!
Grum hits you from afar with a +1 antimagic glaive!
You die...

#####.).#
#.....).#
#####.......#.#.#
#c.†h.........).#
#h###.......#.###
#.# #####...#...
#g# ....# ### #h#
.....# #@#
........ #.#
g........# #.#
.hh.......# #.#
#.# #<# ###


You could see Grum, 2 wolves and a centaur.

Vanquished Creatures
  A cyclops (D:7)
  A hornet (D:6)
  A black bear (D:8)
  3 ice beasts
  A sky beast (D:6)
  3 ogres
  2 wolves (D:8)
  6 centaurs
  A phantom (D:7)
  A kobold brigand (D:6)
  A bullfrog (D:7)
  A scorpion (D:7)
  6 wights
  6 hounds
  2 jellies
  An orc priest (D:7)
  2 bombardier beetles (D:5)
  A gnoll bouda (D:5)
  2 iguanas
  8 mummies (Ossuary)
  7 gnolls (D:5)
  6 adders
  4 dart slugs
  3 ribbon worms
  9 orcs
  5 endoplasms
  2 giant cockroaches (D:1)
  A gnoll zombie (Ossuary)
  9 goblins
  6 hobgoblins
  4 jackals (D:1)
  5 quokkas
  10 ball pythons
  7 bats
  2 frilled lizards
  5 hobgoblin zombies (Ossuary)
  13 kobolds
  A kobold zombie (Ossuary)
  An orc zombie (Ossuary)
  10 rats
160 creatures vanquished.

Notes
Turn   | Place    | Note
-------+----------+-------------------------------------------
     0 | D:1      | stipulation the Ghoul Monk began the quest for the Orb.
     0 | D:1      | Reached XP level 1. HP: 19/19 MP: 1/1
    72 | D:1      | Reached XP level 2. HP: 18/26 MP: 2/2
   190 | D:1      | Reached skill level 4 in Unarmed Combat
   404 | D:1      | Reached XP level 3. HP: 31/31 MP: 3/3
  1140 | D:2      | Reached skill level 5 in Unarmed Combat
  1306 | D:2      | Found a faded altar of an unknown god.
  1352 | D:2      | Reached XP level 4. HP: 38/38 MP: 4/4
  2179 | D:3      | Found a broken altar of Ashenzari.
  2183 | D:3      | Found an iron altar of Okawaru.
  2189 | D:3      | Found a basalt altar of Yredelemnul.
  2702 | D:4      | Reached skill level 6 in Unarmed Combat
  2769 | D:4      | Found an ancient bone altar of Kikubaaqudgha.
  2803 | D:4      | Reached XP level 5. HP: 43/45 MP: 5/5
  2891 | D:4      | Noticed an ogre
  2901 | D:4      | Killed an ogre
  2902 | D:4      | Reached skill level 7 in Unarmed Combat
  2902 | D:4      | Reached XP level 6. HP: 8/51 MP: 6/6
  3642 | D:5      | Entered Level 5 of the Dungeon
  3668 | D:5      | Noticed an ice beast
  3695 | D:5      | Killed an ice beast
  3696 | D:5      | Reached skill level 8 in Unarmed Combat
  3704 | D:5      | Reached XP level 7. HP: 13/57 MP: 7/7
  3899 | D:5      | Found a sacrificial altar of Ru.
  3917 | D:5      | Reached skill level 9 in Unarmed Combat
  4044 | D:5      | Reached skill level 10 in Unarmed Combat
  4243 | D:5      | Reached XP level 8. HP: 61/63 MP: 8/8
  4642 | D:6      | Found a staircase to the Ecumenical Temple.
  4766 | D:6      | Noticed a hornet
  4773 | D:6      | Killed a hornet
  4774 | D:6      | Reached skill level 11 in Unarmed Combat
  4880 | D:6      | Found a stormy altar of Qazlal.
  4910 | D:6      | Reached skill level 12 in Unarmed Combat
  5047 | D:6      | Reached XP level 9. HP: 36/70 MP: 9/9
  5160 | D:6      | Identified the +9 whip of the Mouth {flame, Str+2 SInv}
  5205 | D:6      | Found Reor's Antique Armour Boutique.
  5225 | Temple   | Entered the Ecumenical Temple
  5246 | D:6      | Bought an embroidered cloak for 187 gold pieces
  5398 | D:6      | Found Kusy's Jewellery Boutique.
  5433 | D:6      | Found Limunutu's Magic Scroll Boutique.
  5441 | D:6      | Bought a scroll of torment for 133 gold pieces
  5441 | D:6      | Bought a scroll of fear for 56 gold pieces
  5441 | D:6      | Bought a scroll of identify for 28 gold pieces
  5510 | D:7      | Noticed a cyclops
  5513 | D:7      | Found a sand-covered staircase.
  5544 | D:7      | Killed a cyclops
  5545 | D:7      | Reached skill level 13 in Unarmed Combat
  5566 | Ossuary  | Entered an ossuary
  6191 | D:7      | Reached skill level 14 in Unarmed Combat
  6743 | D:7      | Found Qeakk's Weapon Shop.
  6782 | D:7      | Found a shimmering blue altar of Sif Muna.
  6877 | D:8      | Noticed Grum
  6897 | D:8      | Reached skill level 15 in Unarmed Combat
  6901 | D:8      | Mangled by Grum

Illustrated notes

Levels and vault maps discovered:
D:1:      dpeg_arrival_pond, layout_loops_corners, serial_forest,
          infiniplex_forest_clump_cross, infiniplex_forest_end_3,
          infiniplex_forest_end_3, infiniplex_forest_end_2,
          infiniplex_forest_clump_large, infiniplex_forest_end_2,
          infiniplex_forest_clump_double, infiniplex_forest_end_1
D:2:      layout_loops_corners, ebering_ecumenical_altar_petrified
D:3:      layout_loops_ring, grunt_temple_overflow_diamond
D:4:      layout_basic, mainiacjoe_overflow_paths, st_stairs_6,
          minmay_misc_feat_rugged
D:5:      layout_basic, mainiacjoe_overflow_24_doors
D:6:      layout_loops_ring, mainiacjoe_overflow_tiny_flanked,
          minmay_temple_entry_gardened_gates, serial_shops, shop,
          nicolae_shop_tiny_real_fake_doors, nicolae_shop_tiny_glass,
          serial_bayou_crossing
D:7:      layout_rooms, lemuel_crystal_altar, hellmonk_sif_muna_bookshelves,
          serial_shops, nicolae_shop_hallway_plus, nicolae_ossuary_entry_ruins,
          minmay_manual_mail
D:8:      layout_basic, uniq_psyche, uniq_grum
Temple:   chequers_temple_sunken

Skill      XL: |  1  2  3  4  5  6  7  8  9 |
---------------+----------------------------+-----
Unarmed Combat | 4 5 6 7 8 10 12 15 | 15.0
Fighting       | |  3.2
Dodging        | |  2.6

Action                     |  1- 3 |  4- 6 |  7- 9 || total
---------------------------+-------+-------+-------++-------
  Melee: Unarmed           |    88 |   153 |   230 ||   471
    Use: Potion            |       |       |     1 ||     1
 Armour: Robe              |    30 |       |       ||    30
         Ring mail         |     9 |    26 |       ||    35
         Chain mail        |       |    70 |   177 ||   247
  Dodge: Dodged            |    45 |    58 |   113 ||   216
